 Dungeon Crawl Stone Soup version 0.13-a0-2641-gc68e7bd (console) character file.

231 5ubbak the Magician (level 4, -3/25 HPs)
             Began as an Octopode Wizard on Aug 7, 2013.
             Was an Initiate of Sif Muna.
             Slain by Grinder (10 damage)
             ... while paralysed by Grinder
             ... on Level 3 of the Dungeon.
             The game lasted 00:11:15 (2639 turns).

5ubbak the Magician (Octopode Wizard)               Turns: 2639, Time: 00:11:15

HP  -3/25        AC  1     Str  6      XL: 4   Next: 97%
MP   5/11        EV  2     Int 21      God: Sif Muna [......]
Gold 117         SH  0     Dex 10      Spells:  4 memorised,  2 levels left

Res.Fire  : . . .   See Invis. : .   a - +1 dwarf short sword
Res.Cold  : . . .   Warding    : .   (no shield)
Life Prot.: . . .   Conserve   : .   b - +0 wizard hat
Res.Poison: .       Res.Corr.  : .   (no amulet)
Res.Elec. : .       Clarity    : .   (no ring)
Sust.Abil.: . .     Spirit.Shd : .   (no ring)
Res.Mut.  : .       Stasis     : .   (no ring)
Res.Rott. : .       Flight     : .   (no ring)
Saprovore : . . .                    (no ring)
                                     (no ring)
                                     (no ring)
                                     (no ring)

@: paralysed, slightly resistant to hostile enchantments, quite stealthy
A: almost no armour, amphibious, 8 rings, constrict 8, camouflage 1, AC +1
a: Renounce Religion


You were on level 3 of the Dungeon.
You worshipped Sif Muna.
Sif Muna was noncommittal.
You were not hungry.

You visited 1 branch of the dungeon, and saw 3 of its levels.

You collected 97 gold pieces.

Inventory:

Hand weapons
 a - a +1,+1 dwarven short sword (weapon)
Armour
 b - a +0 wizard hat (worn)
Comestibles
 d - 2 bread rations
 f - 17 sultanas
 q - 3 meat rations
Scrolls
 e - a scroll of enchant weapon I {unknown}
 g - a scroll of random uselessness {unknown}
 j - a scroll of recharging {unknown}
 k - a scroll of blinking {unknown}
 n - 4 scrolls of teleportation {unknown}
 p - 2 scrolls of identify {unknown}
 r - a scroll of magic mapping {unknown}
Jewellery
 l - an uncursed ring of fire
Potions
 h - a potion of slowing {unknown}
 i - a potion of curing {unknown}
 o - a potion of mutation {unknown}
Books
 c - a book of Minor Magic

   Spells                             Type                      Level
   *Magic Dart                        Conjuration                  1
   *Blink                             Translocation                2
   *Call Imp                          Summoning                    2
   Repel Missiles                     Charms/Air                   2
   Slow                               Hexes                        2
   Conjure Flame                      Conjuration/Fire             3
   *Mephitic Cloud                    Conjuration/Poison/Air       3


   Skills:
 + Level 0.4 Fighting
 + Level 0.4 Short Blades
 + Level 2.6 Dodging
 + Level 3.4 Stealth
 + Level 3.8 Spellcasting
 * Level 2.3 Conjurations
 + Level 1.1 Summonings
 + Level 1.0 Translocations
 * Level 1.2 Poison Magic


You had 2 spell levels left.
You knew the following spells:

 Your Spells              Type           Power        Failure   Level  Hunger
a - Magic Dart            Conj           ##..         6%          1    None
b - Blink                 Tloc           N/A          14%         2    #......
c - Call Imp              Summ           #.........   12%         2    #......
d - Mephitic Cloud        Conj/Pois/Air  #.......     24%         3    ###....


Dungeon Overview and Level Annotations

Branches:
Dungeon (3/27)

Altars:
Fedhas
Kikubaaqudgha
Sif Muna
Trog

Annotations
D:1 Terence
D:3 Grinder


Innate Abilities, Weirdness & Mutations

You cannot wear most types of armour.
You are amphibious.
You can wear up to eight rings at the same time.
You can use your tentacles to constrict many enemies at once.
Your skin changes colour to match your surroundings (Stlth).
Your rubbery body absorbs attacks (AC +1).


Message History

Grinder closely misses your crimson imp.
Your crimson imp hits Grinder.
Grinder hits your crimson imp.
Casting: Call Imp
Confirm with . or Enter, or press ? or * to list all spells.
A shadowy apparition takes form in the air.
Grinder gestures at you.
Your shadow imp suddenly stops moving!
Grinder gestures.
Grinder blinks!
Grinder hits your shadow imp!
Your shadow imp dies!
Grinder grins, showing sharp teeth.
Grinder gestures at you.
You suddenly lose the ability to move!
Grinder gestures at you. Pain shoots through your body! Grinder hits you.
You writhe in agony.
* * * LOW HITPOINT WARNING * * *
Grinder is no longer moving quickly.
Grinder hits you!
You die...

##....# ##.....##
##..<....##
#.........#
#.........#
###.........#
.........>.##
..........##
......#..@##
..........5#
#...........########
...................#
#.........#.######.#
###......#.# #.#
#..[#.###.# #)#
...#...o.#.# #.#
##...#.#.#.# #5#


You could see Grinder.

Vanquished Creatures
  4 adders
  2 giant mites
  2 orcs
  4 giant cockroaches
  4 goblins (D:1)
  A hobgoblin (D:1)
  8 jackals
  8 kobolds
  A quokka (D:2)
  2 ball pythons (D:1)
  7 bats
  2 giant newts (D:1)
  3 rats (D:1)
48 creatures vanquished.

Vanquished Creatures (collateral kills)
  An orc wizard (D:3)
  2 orcs (D:3)
3 creatures vanquished.

Vanquished Creatures (others)
  A crimson imp (D:3)
  A shadow imp (D:3)
  A white imp (D:3)
3 creatures vanquished.

Grand Total: 54 creatures vanquished

Notes
Turn   | Place    | Note
--------------------------------------------------------------
     0 | D:1      | 5ubbak, the Octopode Wizard, began the quest for the Orb.
     0 | D:1      | Reached XP level 1. HP: 9/9 MP: 5/5
   413 | D:1      | Reached XP level 2. HP: 15/15 MP: 4/7
   475 | D:1      | Learned a level 2 spell: Blink
   478 | D:1      | Learned a level 2 spell: Call Imp
   987 | D:1      | Reached XP level 3. HP: 16/19 MP: 9/9
  1113 | D:2      | Noticed Terence
  1491 | D:2      | Found a blossoming altar of Fedhas.
  1762 | D:2      | Learned a level 3 spell: Mephitic Cloud
  1820 | D:2      | Reached XP level 4. HP: 25/25 MP: 9/11
  1857 | D:2      | Found a bloodstained altar of Trog.
  1869 | D:2      | Found a deep blue altar of Sif Muna.
  1873 | D:2      | Became a worshipper of Sif Muna the Loreminder
  1965 | D:2      | Reached skill level 1 in Poison Magic
  2200 | D:3      | Found an ancient bone altar of Kikubaaqudgha.
  2383 | D:3      | Noticed Grinder
  2618 | D:3      | Paralysed by Grinder for 3 turns
  2636 | D:3      | Paralysed by Grinder for 4 turns
  2639 | D:3      | Slain by Grinder

Action                   |  1- 3 |  4- 6 || total
-------------------------+-------+-------++-------
Melee: Unarmed           |     5 |       ||     5
       Short sword       |    24 |    24 ||    48
 Cast: Magic Dart        |    56 |    15 ||    71
       Call Imp          |     1 |    11 ||    12
       Mephitic Cloud    |       |     1 ||     1
 Stab: Sleeping          |     3 |     3 ||     6
       Confused          |       |     1 ||     1
